 Dungeon Crawl Stone Soup version 0.21-a0-42-gb537e02 (webtiles) character file.

12854 roguesci the Covert (level 11, -4/66 HPs)
             Began as a Vine Stalker Transmuter on June 5, 2017.
             Was a Believer of Sif Muna.
             Slain by a black bear (5 damage)
             ... on level 11 of the Dungeon.
             The game lasted 00:55:33 (13069 turns).

roguesci the Covert (Vine Stalker Transmuter)      Turns: 13069, Time: 00:55:34

Health: -4/66      AC: 11    Str: 17    XL:     11   Next: 99%
Magic:  0/22       EV: 17    Int: 19    God:    Sif Muna [**....]
Gold:   627        SH:  0    Dex: 14    Spells: 10/23 levels left

rFire    . . .     SeeInvis .     - Unarmed
rCold    + . .     Gourm    .   (no shield)
rNeg     + . .     Faith    .   e - +2 robe {rC+}
rPois    +         Spirit   +   M - +2 hat
rElec    .         Reflect  .   B - +2 cloak
rCorr    .         Harm     .   O - +1 pair of gloves {Str+3}
MR       +....                  (no boots)
Stlth    ++++......             y - amulet of regeneration
Regen    2.1/turn               q - +3 ring of intelligence
MPRegen  0.2/turn               G - ring of positive energy

@: regenerating (expiring)
A: fangs 3, hooves 1, horns 1, blurry vision 1, poison resistance, regeneration
1, robust 1, magic shield, antimagic bite, no potion heal 3, rot immunity
a: Divine Energy, Renounce Religion


You were on level 11 of the Dungeon.
You worshipped Sif Muna.
Sif Muna was pleased with you.
You were not hungry.

You visited 2 branches of the dungeon, and saw 12 of its levels.

You collected 627 gold pieces.

Inventory:

Missiles
 k - 312 stones (quivered)
 F - a throwing net
Armour
 e - a +2 robe of cold resistance (worn)
 B - a +2 cloak (worn)
 M - a +2 hat (worn)
 O - a +1 pair of gloves of strength (worn)
Jewellery
 o - an uncursed ring of fire
 q - a +3 ring of intelligence (left hand)
 y - an amulet of regeneration (around neck)
 D - an uncursed ring of positive energy
 G - a ring of positive energy (right hand)
 S - a cursed ring of teleportation {unknown}
Wands
 l - a wand of polymorph (2/24)
 E - a wand of random effects (6/48)
 I - a wand of flame (48/48)
 K - a wand of digging (11/24)
 T - a wand of confusion (23/48)
Scrolls
 a - 2 scrolls of fear
 g - 4 scrolls of identify
 h - 2 scrolls of enchant armour
 i - 4 scrolls of teleportation
 j - 5 scrolls of magic mapping
 m - 2 scrolls of recharging
 t - a scroll of immolation
 v - 2 scrolls of random uselessness
 J - a scroll of amnesia
 Q - a scroll of remove curse
Potions
 n - a potion of mutation
 p - a potion of brilliance {unknown}
 r - a potion of might {unknown}
 u - 2 potions of curing
 w - a potion of invisibility
 x - a potion of cancellation
 z - a potion of berserk rage {unknown}
 A - 2 potions of magic {unknown}
 C - a potion of haste {unknown}
 H - a potion of lignification {unknown}
 N - 4 potions of agility {unknown}
Books
 b - a book of Minor Magic

   Spells                             Type                      Level
   a - Magic Dart                     Conjuration                  1
   b - Blink                          Translocation                2
   c - Call Imp                       Summoning                    2
   d - Slow                           Hexes                        2
   e - Conjure Flame                  Conjuration/Fire             3
   f - Mephitic Cloud                 Conjuration/Poison/Air       3
 c - a book of Changes

   Spells                             Type                      Level
   a - Beastly Appendage              Transmutation                1
   b - Sticks to Snakes               Transmutation                2
   c - Spider Form                    Transmutation/Poison         3
   d - Ice Form                       Ice/Transmutation            4
   e - Blade Hands                    Transmutation                5
 L - a book of Battle

   Spells                             Type                      Level
   a - Infusion                       Charms                       1
   b - Shroud of Golubria             Charms/Translocation         2
   c - Song of Slaying                Charms                       2
   d - Spectral Weapon                Hexes/Charms                 3
   e - Regeneration                   Charms/Necromancy            3
Comestibles
 d - 8 bread rations
 f - 7 meat rations
 s - 5 royal jellies
 P - a chunk of flesh
 R - a fruit


   Skills:
 * Level 8.2 Fighting
 * Level 7.8 Dodging
 + Level 8.5 Stealth
 + Level 6.6 Unarmed Combat
 + Level 6.7 Spellcasting
 * Level 1.8 Necromancy
 - Level 2.2 Translocations
 + Level 6.7 Transmutations
 - Level 5.0 Poison Magic


You had 10 spell levels left.
You knew the following spells:

 Your Spells              Type           Power        Failure   Level  Hunger
a - Blink                 Tloc           N/A          6%          2    None
b - Spider Form           Tmut/Pois      ####......   2%          3    ##.....
c - Shroud of Golubria    Chrm/Tloc      ##........   10%         2    None
d - Mephitic Cloud        Conj/Pois/Air  ##......     16%         3    ##.....
e - Regeneration          Chrm/Necr      #.........   22%         3    ##.....


Dungeon Overview and Level Annotations

Branches:
Dungeon (11/15)            Temple (1/1) D:5            Lair (0/6) D:8
    Orc (0/2) D:10

Altars:
Ashenzari
Cheibriados
Dithmenos
Elyvilon
Fedhas
Gozag
Hepliaklqana
Kikubaaqudgha
Makhleb
Nemelex Xobeh
Okawaru
Qazlal
Ru
Sif Muna
Trog
Uskayaw
Vehumet
Wu Jian
Xom
Yredelemnul
Zin
The Shining One

Shops:
D:4 =

Annotations:
D:9 Erolcha


Innate Abilities, Weirdness & Mutations

You have razor-sharp teeth.
Your natural rate of healing is unusually fast.
When hurt, damage is shared between your health and your magic reserves.
Your bite disrupts and absorbs the magic of your enemies.
Potions cannot restore your health.
You are immune to rotting.
You have large cloven feet.
You have a pair of small horns on your head.
Scrolls take you a little longer to read.
Your system is resistant to poisons. (rPois)
You are robust. (+10% HP)


Message History

The black bear is severely wounded.
The black bear misses you. The black bear closely misses you.
The black bear claws you.
* * * LOW HITPOINT WARNING * * *
Your shroud falls apart!
Casting: Regeneration
Confirm with . or Enter, or press ? or * to list all spells.
Space distorts slightly along a thin shroud covering your body.
The black bear goes berserk!
You barely miss the black bear. Your kick misses the black bear.
Your headbutt misses the black bear. You bite the black bear.
You drain its power.
You feel invigorated.
The black bear is almost dead.
The orc priest calls down the wrath of Beogh upon you.
Beogh smites you!
* * * LOW HITPOINT WARNING * * *
The black bear bites you!
* * * LOW HITPOINT WARNING * * *
The black bear claws you.
You die...

########...o.o.h....#
........o#########.##
.########..#########.#
........#..#...oo.o..#
..######.#o.#o#########
.....h....o.#o#
......o.o...#o#
............#h#
............#@#
..#......#..#.# .
#.####.#..#.# #.
#.#..#.# # ###..#.# #.#
#รท# #.# #.#


You could see an orc warrior, a black bear (berserk), an orc priest and an orc.

Vanquished Creatures
  Gastronok (D:9)
  4 two-headed ogres
  Erica (D:8)
  Urug (D:9)
  The ghost of roguesci the Changer, a novice VSTm of Kikubaaqudgha (D:8)
  Pikel (D:8)
  Maurice (D:9)
  Prince Ribbit (D:8)
  A hippogriff (D:10)
  2 hornets
  A wraith (D:11)
  A water moccasin (D:8)
  5 orc warriors
  A black bear (D:10)
  A sky beast (D:9)
  An ice beast (D:9)
  5 ogres
  A slave (D:8)
  2 phantoms (D:4)
  11 centaurs
  2 wyvern zombies
  A water moccasin zombie (D:5)
  6 bullfrogs
  7 scorpions
  5 killer bees
  4 wights (D:8)
  4 howler monkeys
  3 crimson imps
  A jelly (D:7)
  4 centaur skeletons
  5 hounds
  7 orc priests
  2 bullfrog skeletons
  10 orc wizards
  2 iguanas (D:8)
  7 worker ants
  A worker ant zombie (D:7)
  4 gnolls (D:5)
  16 adders
  7 shadow imps
  3 adder zombies
  2 worms (D:2)
  3 dart slugs
  10 leopard geckos
  65 orcs
  11 giant cockroaches
  9 goblins
  11 hobgoblins
  2 jackals (D:3)
  6 kobolds
  2 quokkas
  2 ball pythons
  11 bats
  5 frilled lizards
  A jackal zombie (D:8)
  A quokka skeleton (D:5)
  A quokka zombie (D:5)
  A rat (D:3)
287 creatures vanquished.

Vanquished Creatures (others)
  3 slaves (D:8)
  A wight (D:8)
  A hound (D:11)
5 creatures vanquished.

Grand Total: 292 creatures vanquished

Notes
Turn   | Place    | Note
-------+----------+-------------------------------------------
     0 | D:1      | roguesci the Vine Stalker Transmuter began the quest for the Orb.
     0 | D:1      | Reached XP level 1. HP: 9/9 MP: 4/4
    23 | D:1      | Reached skill level 1 in Fighting
   349 | D:1      | Reached XP level 2. HP: 13/14 MP: 6/6
   801 | D:1      | Reached skill level 1 in Stealth
   988 | D:1      | Reached XP level 3. HP: 15/18 MP: 7/7
  1661 | D:2      | Learned a level 3 spell: Spider Form
  1982 | D:2      | Gained mutation: Your natural rate of healing is unusually fast. [Vine Stalker growth]
  1982 | D:2      | Reached XP level 4. HP: 20/22 MP: 1/8
  2588 | D:3      | Gained mutation: You have large cloven feet. [potion of mutation]
  2588 | D:3      | Gained mutation: Scrolls take you a little longer to read. [potion of mutation]
  2588 | D:3      | Gained mutation: You are robust. (+10% HP) [potion of mutation]
  2588 | D:3      | Gained mutation: You have a pair of small horns on your head. [potion of mutation]
  2677 | D:3      | Reached XP level 5. HP: 4/28 MP: 1/10
  2851 | D:3      | Reached skill level 1 in Poison Magic
  3184 | D:3      | Noticed an ogre
  3193 | D:3      | Killed an ogre
  3193 | D:3      | Reached XP level 6. HP: 27/33 MP: 4/11
  3554 | D:4      | Noticed a phantom
  3572 | D:4      | Killed a phantom
  3579 | D:4      | Found a stormy altar of Qazlal.
  3625 | D:4      | Reached XP level 7. HP: 22/38 MP: 4/12
  4010 | D:4      | Found Jutwigho's Jewellery Boutique.
  4155 | D:4      | Found an opulent altar of Gozag.
  4219 | D:5      | Entered Level 5 of the Dungeon
  4219 | D:5      | Found a basalt altar of Yredelemnul.
  4792 | D:5      | Gained mutation: You have razor-sharp teeth. [Vine Stalker growth]
  4792 | D:5      | Reached XP level 8. HP: 24/44 MP: 3/14
  4935 | D:5      | Found a burning altar of Makhleb.
  5210 | D:5      | Found a staircase to the Ecumenical Temple.
  5219 | Temple   | Entered the Ecumenical Temple
  5967 | D:6      | Found a snail-covered altar of Cheibriados.
  6011 | D:6      | Found a sacrificial altar of Ru.
  6351 | D:6      | Found a radiant altar of Vehumet.
  6566 | D:6      | Found a bloodstained altar of Trog.
  6566 | D:6      | Found a white marble altar of Elyvilon.
  7115 | D:7      | Found a deep blue altar of Sif Muna.
  7153 | D:7      | Reached XP level 9. HP: 50/50 MP: 16/16
  7554 | D:7      | Found a shimmering altar of Xom.
  7683 | D:7      | Reached skill level 5 in Poison Magic
  8255 | D:7      | Became a worshipper of Sif Muna the Loreminder
  8381 | D:8      | Noticed roguesci's ghost (novice VSTm)
  8408 | D:8      | Reached skill level 5 in Stealth
  8489 | D:8      | Killed roguesci's ghost
  8489 | D:8      | Reached skill level 5 in Fighting
  8489 | D:8      | Reached skill level 5 in Dodging
  8536 | D:8      | Found a flagged portal.
  8682 | D:8      | Noticed a two-headed ogre
  8699 | D:8      | Reached skill level 5 in Transmutations
  8756 | D:8      | Killed a two-headed ogre
  8756 | D:8      | Reached skill level 5 in Unarmed Combat
  8756 | D:8      | Reached skill level 5 in Spellcasting
  8756 | D:8      | Reached XP level 10. HP: 37/58 MP: 7/18
  8831 | D:8      | Noticed Prince Ribbit
  8861 | D:8      | Killed Prince Ribbit
  9108 | D:8      | Noticed Erica
  9133 | D:8      | Found an ancient bone altar of Kikubaaqudgha.
  9139 | D:8      | Killed Erica
  9350 | D:8      | Noticed a two-headed ogre
  9377 | D:8      | Killed a two-headed ogre
  9377 | D:8      | Reached * piety under Sif Muna
  9537 | D:8      | Found a staircase to the Lair.
  9541 | D:8      | Noticed Pikel
  9555 | D:8      | Killed Pikel
 10314 | D:9      | Reached XP level 11. HP: 36/63 MP: 10/21
 10427 | D:9      | Learned a level 2 spell: Blink
 10430 | D:9      | Learned a level 2 spell: Shroud of Golubria
 10434 | D:9      | Learned a level 3 spell: Mephitic Cloud
 10438 | D:9      | Learned a level 3 spell: Regeneration
 10476 | D:9      | Noticed a two-headed ogre
 10492 | D:9      | Killed a two-headed ogre
 10492 | D:9      | Reached skill level 1 in Translocations
 10518 | D:9      | Noticed Erolcha
 10586 | D:9      | Found a sacrificial altar of Ru.
 10603 | D:9      | Noticed Maurice
 10673 | D:9      | Killed Maurice
 10697 | D:9      | Gained mutation: Your system is resistant to poisons. (rPois) [mutagenic meat]
 11081 | D:10     | Entered Level 10 of the Dungeon
 11081 | D:10     | Noticed Urug
 11081 | D:10     | Noticed Gastronok
 11187 | D:9      | Killed Gastronok
 11375 | D:9      | Killed Urug
 11756 | D:10     | Found a staircase to the Orcish Mines.
 12043 | D:10     | Noticed a two-headed ogre
 12060 | D:10     | Killed a two-headed ogre
 12060 | D:10     | Reached ** piety under Sif Muna
 12668 | D:11     | Reached skill level 1 in Necromancy
 13069 | D:11     | HP: 1/66 [black bear (8)]
 13069 | D:11     | Slain by a black bear

Vault maps used:
D:1:      ncdulo_wetmaze, columned_hall_lemuel, st_stairs_11
D:2:      kennysheep_big_empty_room
D:4:      nicolae_overflow_hidden_temple,
          nicolae_gozag_cash_rules_everything_around_me, serial_shops,
          nicolae_shop_stone
D:5:      makhleb_heckhound_becter, temple_hall, portal_sewer_entry_f,
          first_bread, basic_altar
D:6:      kennysheep_slug_shrine, gammafunk_temple_overflow_elements,
          basic_altar, corexii_corridor_pit, kennysheep_crisscross,
          serial_bayou_pond_a, vehumet_altar_wand_db
D:7:      marbit_many_paths, lemuel_blue_sif_altar, st_stairs_12
D:8:      lemuel_doored_altar, lair_entry_dummy, enter_bailey_2, uniq_pikel,
          uniq_prince_ribbit1, uniq_erica
D:9:      lemuel_crystal_altar, uniq_maurice, uniq_erolcha
D:10:     hiddenorc2_lemuel, uniq_urug, uniq_gastronok
D:11:     hangedman_fish_farm, serial_bayou_ford_a,
          onia_ninara_dug_in_and_dangerous
Temple:   nicolae_temple_hex_pool

Skill      XL: |  1  2  3  4  5  6  7  8  9 10 11 |
---------------+----------------------------------+-----
Fighting       | 1 2 3 4 5 7 8 |  8.2
Dodging        | 2 3 4 5 6 7 |  7.8
Stealth        | 1 2 3 4 6 7 8 |  8.5
Poison Magic   | 1 2 3 4 5 |  5.0
Spellcasting   | 3 4 5 6 |  6.7
Transmutations | 3 4 5 6 |  6.7
Unarmed Combat | 4 5 6 |  6.6
Translocations | 2 |  2.2
Necromancy     | 1 |  1.8

Action                   |  1- 3 |  4- 6 |  7- 9 | 10-12 || total
-------------------------+-------+-------+-------+-------++-------
Melee: Unarmed           |   129 |   152 |   397 |   493 ||  1171
       Bite              |    25 |    16 |    40 |    66 ||   147
       Kick              |     7 |    20 |    42 |    50 ||   119
       Headbutt          |     4 |    13 |    32 |    41 ||    90
       Punch             |       |       |     2 |     7 ||     9
Throw: Stone             |       |    14 |    18 |    11 ||    43
 Cast: Beastly Appendage |    19 |       |       |       ||    19
       Spider Form       |     3 |    12 |    28 |    27 ||    70
       Shroud of Golubri |       |       |       |    20 ||    20
       Regeneration      |       |       |       |     5 ||     5
 Abil: End Transformatio |       |       |     2 |     3 ||     5
  Use: Potion            |       |     4 |     1 |     3 ||     8
       Scroll            |       |       |     2 |    12 ||    14
 Stab: Sleeping          |     1 |     2 |     9 |    13 ||    25
       Distracted        |       |       |       |     3 ||     3
  Eat: Chunk             |     4 |     7 |    19 |     8 ||    38
       Fruit             |       |       |     1 |       ||     1
       Royal jelly       |       |       |       |     4 ||     4
Armor: Robe              |    28 |    21 |    37 |    65 ||   151
       Skin              |     1 |     7 |     9 |     4 ||    21
Dodge: Dodged            |   103 |   122 |   269 |   522 ||  1016
